 Dungeon Crawl Stone Soup version 0.27.1-35-g4d5d836560 (webtiles) character file.

Game seed: 870040151209242733

4412 Froggeryz the Covert (level 10, -1/71 HPs)
             Began as an Octopode Berserker on Nov 30, 2022.
             Was an Elder of Trog.
             Engulfed by a steam dragon's steam (5 damage)
             ... on level 8 of the Dungeon.
             The game lasted 00:08:33 (7493 turns).

Froggeryz the Covert (Octopode Berserker)           Turns: 7493, Time: 00:08:33

Health: -1/71      AC:  1    Str: 17    XL:     10   Next: 36%
Magic:  10/10      EV: 15    Int:  9    God:    Trog [****..]
Gold:   464        SH:  0    Dex: 15    Spells: 9/9 levels left

rFire    . . .     SeeInvis .   a - +1 mace
rCold    + . .     Faith    .   (no shield)
rNeg     + + +     Spirit   .   (helmet restricted)
rPois    +         Reflect  .   (no amulet)
rElec    .         Harm     .   j - +4 ring of slaying
rCorr    +         Rampage  .   p - ring of flight
Will     .....                  q - +4 ring of slaying
Stlth    ++++++....             g - ring of the Gloaming {Drain rPois rN+++ rCorr}
HPRegen  0.21/turn              z - ring of protection from cold
MPRegen  0.12/turn              (no ring)
                                (no ring)
                                (no ring)

@: on berserk cooldown, flying, studying Axes
A: almost no armour, amphibious, 8 rings, camouflage 1, gelatinous body 1,
(nimble swimmer 1), tentacles
a: Renounce Religion, Berserk, Trog's Hand, Brothers in Arms


You were on level 8 of the Dungeon.
You worshipped Trog.
Trog was greatly pleased with you.
You visited 1 branch of the dungeon, and saw 8 of its levels.
You also visited: Sewer.

You collected 464 gold pieces.

Inventory:

Hand Weapons
 a - a +1 mace (weapon)
Missiles
 k - 16 poisoned darts (quivered)
 l - 2 javelins
Armour
 d - a +0 hat of see invisible
Jewellery
 g - the ring of the Gloaming (on tentacle) {Drain rPois rN+++ rCorr}
   (You acquired it on level 6 of the Dungeon)

   [ring of poison resistance]

   rPois:     It protects you from poison.
   rN:        It renders you almost immune to negative energy.
   rCorr:     It protects you from acid and corrosion.
   Drain:     It drains your maximum health when unequipped.
 j - a +4 ring of slaying (left tentacle)
 p - a ring of flight (right tentacle)
 q - a +4 ring of slaying (on tentacle)
 z - a ring of protection from cold (on tentacle)
Wands
 y - a wand of iceblast (3)
 A - a wand of flame (21)
 D - a wand of polymorph (8)
Scrolls
 b - a scroll of noise
 c - a scroll of fog
 e - 2 scrolls of blinking
 n - 2 scrolls of summoning {unknown}
 r - a scroll of fear {unknown}
 t - a scroll of brand weapon {unknown}
 u - a scroll of immolation {unknown}
 v - a scroll of identify
 w - 2 scrolls of enchant armour {unknown}
 C - 2 scrolls of teleportation
Potions
 f - 2 potions of curing
 h - a potion of degeneration {unknown}
 i - 3 potions of invisibility {unknown}
 m - 2 potions of might {unknown}
 o - 5 potions of haste
 s - 2 potions of magic {unknown}
 x - a potion of berserk rage {unknown}
 B - a potion of attraction {unknown}
 E - a potion of lignification {unknown}


   Skills:
 + Level 7.5 Fighting
 * Level 10.3 Maces & Flails
 - Level 4.6 Dodging
 * Level 11.0 Stealth


You had 9 spell levels left.
You didn't know any spells.
Your spell library was empty.

Dungeon Overview and Level Annotations

Branches:
Dungeon (8/15)             Temple (0/1) D:5            Lair (0/6) D:8
  Sewer (visited)

Altars:
Cheibriados

Shops:
D:7 (


Innate Abilities, Weirdness & Mutations

You cannot wear most types of armour.
You are amphibious.
You can wear up to eight rings at the same time.
Your skin changes colour to match your surroundings (Stealth+).
Your rubbery body absorbs attacks. (AC +1, EV +1)
((You are camouflaged near water. (Stealth+)))
You have tentacles for arms and can constrict up to eight enemies at once.


Message History

Gastronok waves his eye-stalks in wide circles.
The air twists around and strikes you!!
Your ogre goes berserk!
Gastronok sloshes about.
You sock Gastronok! You squeeze Gastronok!
Gastronok is moderately wounded.
Your ogre hits Gastronok with a +0 giant club.
You hit Gastronok.
Gastronok is moderately wounded.
Your ogre hits Gastronok with a +0 giant club!!!
Your ogre barely misses Gastronok.
Gastronok closely misses you.
You feel the effects of Trog's Hand fading.
Your ogre hits Gastronok with a +0 giant club!! x2
Gastronok waves his eye-stalks in wide circles.
The air twists around and strikes you!
* * * LOW HITPOINT WARNING * * *
Your ogre hits Gastronok with a +0 giant club!!
Your ogre hits Gastronok with a +0 giant club!
Gastronok dies!
Trog accepts your kill.
Trog appreciates your killing of a magic user.
Your Maces & Flails skill increases to level 10!
Your Stealth skill gained 2 levels and is now at level 11!
You swap places.
Your skin stops crawling.
You feel less strong-willed.
Things that are here:
a +0 hat of see invisible; a yak corpse
d - a +0 hat of see invisible You swap places.
Your ogre rages.
You feel yourself speed up.
You hear the steady creaking of a distant portcullis.
Your ogre rages.
You hear an angry hiss.
The steam dragon breathes steam at you. The ball of steam hits you!
* * * LOW HITPOINT WARNING * * *
There is a stone staircase leading up here.
You are engulfed in a cloud of scalding steam.
You die...

#...# #...(..(.####
#..... #†####...(...
...... #....##.##...
#....?.
######..#.##.##...
#.).....
#............##...
#.......
#.###.............
.h...>..
#.###.....#######.
........ #O##.....># .
#.......
#@##......#######.
##.P?..P
#.§§............. #
..P...
#..§.D...#....... .
#.....
.........##.#....... .
#...#
.....................
....
..............#.......
#######.......#.......
##...##.#.......
#...##.########


You could see a friendly ogre (summoned, berserk).

Vanquished Creatures
  The ghost of Delamore the Covert, a novice OpBr of Gozag (D:6)
  Maggie (D:7)
  2 wyverns
  4 yaks (D:8)
  A sky beast (D:5)
  An ice beast (D:6)
  A necrophage (D:7)
  A centaur (D:5)
  3 ogres
  A phantom (D:5)
  A bullfrog (D:7)
  2 scorpions
  A centaur zombie (D:7)
  2 hounds
  2 orc priests
  A bullfrog skeleton (D:5)
  5 iguanas
  4 jellies
  2 orc wizards (D:6)
  A scorpion zombie (D:5)
  A killer bee zombie (D:8)
  6 river rats
  10 adders
  A shadow imp (D:6)
  3 ufetubi
  An adder skeleton (D:4)
  The ghost of Efficiency the Sneak, a weakling DDDe (D:5)
  4 dart slugs
  7 orcs
  6 ball pythons
  4 endoplasms
  4 giant cockroaches
  9 goblins
  5 hobgoblins
  5 kobolds
  4 quokkas
  9 bats
  10 frilled lizards
  13 rats
140 creatures vanquished.

Vanquished Creatures (collateral kills)
  Gastronok (D:8)
1 creature vanquished.

Grand Total: 141 creatures vanquished

Notes
Turn   | Place    | Note
-------+----------+-------------------------------------------
     0 | D:1      | Froggeryz the Octopode Berserker began the quest for the
                  | Orb.
     0 | D:1      | Reached XP level 1. HP: 16/16 MP: 1/1
   175 | D:1      | Reached XP level 2. HP: 9/21 MP: 2/2
   884 | D:2      | Reached XP level 3. HP: 26/26 MP: 3/3
  1011 | D:2      | Reached ** piety under Trog
  1442 | D:2      | Found a faded altar of an unknown god.
  1725 | D:3      | Reached XP level 4. HP: 22/33 MP: 4/4
  2098 | D:3      | Found a snail-covered altar of Cheibriados.
  2180 | D:3      | Noticed a scorpion
  2187 | D:3      | Killed a scorpion
  2188 | D:3      | Reached XP level 5. HP: 23/37 MP: 5/5
  2440 | D:3      | Noticed an ogre
  2444 | D:3      | Killed an ogre
  2445 | D:3      | Reached skill level 5 in Maces & Flails
  2445 | D:3      | Reached XP level 6. HP: 32/43 MP: 6/6
  3085 | D:4      | You are sucked into a shaft and drop 2 floors!
  3142 | D:6      | Reached XP level 7. HP: 49/49 MP: 7/7
  3344 | D:6      | Identified a scroll of acquirement
  3345 | D:6      | Acquired the ring of the Gloaming {Drain rPois rN+++ rCorr}
  3417 | D:5      | Entered Level 5 of the Dungeon
  3431 | D:6      | Found a runed translucent door.
  3434 | D:6      | Noticed Delamore's ghost (novice OpBr)
  3459 | D:6      | Reached skill level 5 in Fighting
  3498 | D:6      | Reached *** piety under Trog
  3527 | D:6      | Found a glowing drain.
  3531 | Sewer    | Entered a sewer
  4307 | D:6      | Reached skill level 2 in Stealth
  4700 | D:5      | Reached XP level 8. HP: 55/55 MP: 8/8
  4809 | D:4      | Identified the +2 cloak "Xumevava" {Str-5 Dex+3 SInv}
  5098 | D:4      | Reached skill level 3 in Stealth
  5439 | D:5      | Reached **** piety under Trog
  5453 | D:5      | Reached skill level 4 in Stealth
  5590 | D:5      | Noticed a wyvern
  5594 | D:5      | Killed a wyvern
  5598 | D:5      | Reached skill level 5 in Stealth
  5902 | D:5      | Found a runed translucent door.
  5904 | D:5      | Noticed Efficiency's ghost (weakling DDDe)
  6046 | D:5      | Reached skill level 6 in Stealth
  6102 | D:5      | Killed Efficiency's ghost
  6299 | D:5      | Found a staircase to the Ecumenical Temple.
  6390 | D:6      | Killed Delamore's ghost
  6391 | D:6      | Reached skill level 7 in Stealth
  6391 | D:6      | Reached XP level 9. HP: 63/63 MP: 9/9
  6509 | D:7      | Found Heefaer's Weapon Shop.
  6572 | D:7      | Noticed Maggie
  6581 | D:7      | Killed Maggie
  6582 | D:7      | Reached skill level 8 in Stealth
  7349 | D:8      | Found a staircase to the Lair.
  7349 | D:8      | Noticed a death yak
  7358 | D:7      | Reached skill level 9 in Stealth
  7392 | D:8      | Noticed Maurice
  7401 | D:8      | Noticed Maurice
  7401 | D:8      | Maurice changed into Maurice the dart slug
  7403 | D:8      | Killed Maurice the dart slug
  7422 | D:8      | Noticed Gastronok
  7468 | D:8      | Reached XP level 10. HP: 52/71 MP: 10/10
  7479 | D:8      | Killed Gastronok
  7480 | D:8      | Reached skill level 10 in Maces & Flails
  7480 | D:8      | Reached skill level 11 in Stealth
  7493 | D:8      | Engulfed by a steam dragon's steam

Illustrated notes

Levels and vault maps discovered:
D:1:      wander_arrival_abandoned_jail, layout_basic, minmay_misc_feat_rows,
          minmay_misc_feat_rugged, st_stairs_4, minmay_pentomino_w2
D:2:      layout_rooms, chequers_ecumenical_altar_simple_redux
D:3:      wad_crossroads, layout_basic,
          mainiacjoe_overflow_concentric_impassable
D:4:      layout_basic
D:5:      layout_basic, minmay_temple_entry_enclosed_plants,
          hellmonk_ghost_happy_afterlife, minmay_misc_feat_room,
          minmay_manual_macuahuitl
D:6:      layout_rooms, serial_corexii_hall, chequers_hall_statues_y,
          corexii_hall_statues_x, chequers_hall_statues_y,
          corexii_hall_statues_t, gup_sewer_entry_spiral, gammafunk_ghost_grave
D:7:      layout_rooms, serial_rivers, chequers_serial_rivers_micro_b,
          chequers_serial_rivers_large_a, chequers_serial_rivers_micro_a,
          chequers_serial_rivers_small_b, serial_shops, shop, uniq_maggie
D:8:      layout_loops_cross, grunt_dithmenos_smoke_and_mirrors,
          fedhas_altar_fruit_tree, mainiacjoe_overflow_surrounded_room,
          david_lair_generic, lightli_bailey_entry_fortress, uniq_gastronok,
          uniq_maurice, uniq_psyche

Skill      XL: |  1  2  3  4  5  6  7  8  9 10 |
---------------+-------------------------------+-----
Maces & Flails | 4 5 6 8 9 10 | 10.3
Fighting       | 4 5 6 7 |  7.5
Dodging        | 4 |  4.6
Stealth        | 2 7 9 11 | 11.0

Action                   |  1- 3 |  4- 6 |  7- 9 | 10-12 || total
-------------------------+-------+-------+-------+-------++-------
Melee: Mace              |    66 |    31 |   165 |     3 ||   265
       Constrict         |    15 |     5 |    29 |       ||    49
       Tentacles         |     9 |     6 |    35 |     1 ||    51
Throw: Javelin           |       |     5 |       |       ||     5
       Dart              |       |     4 |     5 |       ||     9
Invok: Berserk           |     1 |     2 |     2 |       ||     5
       Trog's Hand       |       |       |     3 |       ||     3
       Brothers in Arms  |       |       |       |     1 ||     1
Evoke: Wand              |       |       |     2 |       ||     2
  Use: Scroll            |     2 |       |     7 |       ||     9
       Potion            |       |       |     3 |     1 ||     4
 Stab: Sleeping          |    13 |     1 |    20 |       ||    34
       Distracted        |       |       |     2 |       ||     2
Armor: Skin              |     8 |     2 |     1 |       ||    11
Dodge: Dodged            |    49 |    16 |    94 |     2 ||   161
